Map: Abyssal Reef LE

Players

flaw

  • Race: Zerg Zerg
  • League: Silver
  • Spawn Location: 5:00

A.I. 1 (Very Hard) - Winner!

  • Race: Zerg Zerg
  • Spawn Location: 11:00

VOD

Have the link to the VOD?

Description

A silver game, i just uploaded it so i can analyse using the tools this site has to offer?

Time

  • Played on: May 18, 2017, 9:48 p.m.
  • Length: 18:35
Show
View Real Time Build Order
Export as new Build Order

flaw Zerg 

Build Orders: Hatch First 

Get SALT Encoding   

  12  0:02  Drone  
  13  0:13  Overlord  
  13  0:17  Drone  
  14  0:32  Drone  
  14  0:33  Drone  
  16  0:37  Drone  
  17  0:59  Drone  
  17  1:01  Drone  
  19  1:06  Hatchery  
  19  1:07  Extractor  
  17  1:25  Spawning Pool  
  16  1:32  Drone x2  
  18  1:34  Drone  
  19  1:46  Overlord  
  19  2:02  Drone  
  20  2:18  Zergling x4  
  20  2:22  Queen x2  
  26  2:25  Drone  
  27  2:30  Overlord  
  27  2:36  Drone  
  28  2:43  Drone x2  
  30  2:48  Drone  
  31  2:52  Metabolic Boost  
  31  2:58  Queen  
  33  3:09  Roach Warren  
  32  3:16  Zergling x4  
  32  3:18  Drone x3  
  36  3:36  Lair  
  36  3:37  Evolution Chamber  
  34  3:56  Drone  
  34  3:57  Drone x6  
  34  3:58  Drone  
  34  4:01  Extractor  
  41  4:02  Extractor  
  41  4:04  Roach  
  41  4:05  Overlord  
  42  4:14  Zerg Melee Weapons Level 1  
  42  4:18  Zergling x2  
  42  4:20  Overlord x2  
  43  4:27  Roach  
  43  4:28  Roach  
  43  4:30  Zergling x6  
  50  4:46  Drone x3  
  50  4:48  Drone x3  
  50  4:50  Drone  
  57  4:53  Queen  
  57  4:54  Hatchery  
  58  5:00  Overseer  
  58  5:06  Extractor  
  57  5:18  Overlord x2  
  57  5:27  Glial Reconstitution  
  57  5:30  Drone  
  57  5:31  Drone x6  
  57  5:32  Drone  
  65  5:53  Drone x3  
  68  5:58  Drone x2  
  68  6:01  Drone x2  
  72  6:08  Zerg Ground Armor Level 1  
  71  6:19  Hydralisk Den  
  71  6:24  Infestation Pit  
  69  6:29  Extractor  
  69  6:30  Drone x10, Extractor  
  77  6:45  Burrow  
  77  6:46  Tunneling Claws  
  77  6:47  Pneumatized Carapace  
  77  6:51  Muscular Augments  
  77  6:53  Hydralisk  
  77  6:54  Hydralisk  
  77  6:58  Zergling x16  
  89  7:07  Evolution Chamber  
  88  7:22  Drone  
  89  7:25  Overlord x4  
  89  7:31  Hatchery  
  88  7:54  Queen  
  90  8:00  Zerg Melee Weapons Level 2  
  90  8:03  Zerg Missile Weapons Level 1  
  90  8:04  Hive  
  90  8:06  Pathogen Glands  
  90  8:09  Roach  
  90  8:10  Roach x11  
  114  8:30  Roach x3  
  118  8:46  Drone x2  
  118  8:47  Drone x3  
  112  8:49  Infestor x2  
  116  9:02  Drone  
  117  9:03  Drone x9  
  117  9:08  Extractor  
  125  9:10  Extractor  
  124  9:17  Adrenal Glands  
  124  9:26  Zergling x2  
  124  9:27  Zergling x6  
  124  9:28  Overlord  
  124  9:29  Overlord x6  
  124  9:53  Roach x6  
  124  9:54  Roach x15  
  124  9:56  Zerg Ground Armor Level 2  
  108  10:42  Queen  
  108  10:48  Roach x4  
  108  10:49  Roach x5  
  120  10:51  Hydralisk x3  
  120  10:52  Hydralisk x6  
  120  10:54  Roach x2  
  120  10:55  Roach  
  124  11:09  Zerg Missile Weapons Level 2  
  124  11:23  Hydralisk  
  124  11:24  Hydralisk x5  
  124  11:25  Hydralisk x2  
  140  11:28  Infestor x2  
  140  11:31  Spine Crawler  
  140  11:32  Roach x4  
  151  11:56  Overlord x2  
  151  11:57  Overlord x2  
  151  12:05  Drone x4  
  119  12:59  Roach x10  
  119  13:00  Roach x4  
  119  13:01  Roach x3  
  153  13:11  Hydralisk x3  
  153  13:12  Hydralisk x2  
  163  13:13  Hydralisk, Hatchery  
  163  13:15  Roach x5  
  163  13:16  Roach x5  
  184  13:35  Hydralisk x2  
  184  13:36  Hydralisk  
  164  14:27  Queen  
  126  14:47  Overseer  
  126  14:49  Roach  
  126  14:50  Roach x14  
  126  14:51  Roach x18  
  192  15:00  Zerg Ground Armor Level 3  
  192  15:01  Zerg Missile Weapons Level 3  
  192  15:09  Extractor  
  192  15:10  Extractor  
  190  15:21  Ravager x7  
  191  15:22  Ravager  
  191  15:25  Overlord x4  
  198  15:28  Overseer x2  
  198  15:29  Overseer x2  
  123  16:16  Roach  
  123  16:17  Roach x7  
  123  16:18  Roach x6  
  134  16:19  Roach x2  
  134  16:20  Hydralisk x4  
  134  16:21  Hydralisk x15  
  178  16:42  Ultralisk Cavern  
  178  16:44  Overseer  
  79  17:24  Roach x3  
  79  17:25  Roach x26, Hatchery  
  136  17:51  Overseer  
  136  17:59  Ravager x8  
  136  18:00  Ravager x7  
  151  18:23  Hatchery  
Show
View Real Time Build Order
Export as new Build Order

A.I. 1 (Very Hard) Zerg - Winner!

Build Orders: Pool First, Lurkers 

Get SALT Encoding   

  12  0:00  Drone  
  13  0:12  Overlord  
  13  0:17  Drone  
  14  0:30  Drone x2  
  16  0:42  Spawning Pool  
  16  0:45  Drone  
  16  0:50  Drone  
  17  1:15  Drone, Hatchery  
  17  1:18  Extractor  
  16  1:20  Drone  
  16  1:24  Drone  
  18  1:28  Drone  
  19  1:38  Overlord  
  19  1:49  Drone  
  19  1:51  Queen  
  22  2:00  Zergling x2  
  23  2:10  Drone  
  24  2:21  Drone  
  25  2:27  Queen  
  25  2:28  Roach Warren  
  26  2:34  Drone  
  27  2:39  Extractor  
  27  2:41  Drone  
  27  2:49  Overlord  
  27  2:52  Drone  
  27  2:55  Drone  
  29  2:59  Drone  
  29  3:02  Drone  
  29  3:04  Drone  
  32  3:08  Zergling x2  
  32  3:12  Zergling x2  
  33  3:15  Zergling x2  
  34  3:20  Roach  
  34  3:25  Roach  
  38  3:31  Roach  
  40  3:35  Roach  
  40  3:37  Drone  
  43  3:45  Overlord  
  43  3:53  Lair  
  43  4:04  Drone x4  
  43  4:05  Drone  
  43  4:07  Drone  
  49  4:10  Drone  
  49  4:12  Drone  
  51  4:19  Overlord  
  51  4:37  Drone x2  
  51  4:38  Drone x4, Zergling x4  
  59  4:41  Overlord  
  59  4:45  Overlord  
  59  4:54  Hydralisk Den  
  59  4:55  Drone  
  59  4:56  Drone, Infestation Pit  
  59  4:59  Zergling x2  
  64  5:00  Roach x2  
  64  5:05  Roach x2, Overlord  
  68  5:24  Hydralisk  
  68  5:25  Hydralisk x2  
  68  5:26  Drone, Hydralisk  
  68  5:28  Drone  
  78  5:30  Overlord  
  78  5:34  Hive  
  78  5:36  Infestor  
  80  5:46  Overlord  
  80  5:49  Overlord  
  80  5:53  Evolution Chamber  
  80  5:54  Drone  
  80  5:58  Drone, Overlord, Evolution Chamber  
  80  6:01  Infestor  
  80  6:03  Overlord  
  82  6:09  Zergling x2  
  84  6:11  Zergling x2  
  84  6:12  Zergling x2  
  84  6:14  Zergling x2  
  84  6:15  Zergling x2  
  84  6:17  Zergling x2  
  88  6:19  Overlord  
  88  6:23  Overlord  
  88  6:27  Hydralisk  
  88  6:28  Ravager, Drone  
  88  6:30  Extractor  
  88  6:31  Drone  
  88  6:32  Extractor  
  91  6:33  Drone  
  91  6:39  Hatchery  
  91  6:42  Drone  
  91  6:43  Drone, Hydralisk, Roach  
  97  6:52  Ravager, Drone  
  97  6:53  Drone x2  
  101  6:54  Drone  
  101  6:55  Drone  
  103  7:01  Roach  
  105  7:12  Lurker Den  
  105  7:23  Drone, Evolution Chamber  
  105  7:28  Spine Crawler, Roach  
  105  7:29  Drone  
  109  7:30  Roach  
  109  7:34  Spine Crawler, Hydralisk  
  109  7:35  Drone  
  111  7:38  Hydralisk  
  113  7:47  Metabolic Boost  
  113  7:51  Drone, Queen  
  113  7:52  Drone x4  
  113  7:53  Drone x5  
  113  7:54  Drone  
  113  7:56  Overseer  
  113  7:57  Zerg Melee Weapons Level 1  
  126  8:01  Drone  
  126  8:02  Drone  
  126  8:04  Overlord  
  126  8:05  Extractor  
  127  8:07  Zerg Missile Weapons Level 1  
  127  8:12  Drone x2  
  129  8:13  Spore Crawler  
  129  8:15  Drone x2  
  129  8:16  Drone x2  
  129  8:17  Spore Crawler  
  129  8:19  Drone  
  132  8:20  Drone x2  
  132  8:23  Drone  
  132  8:24  Overlord  
  132  8:26  Drone  
  136  8:27  Zerg Ground Armor Level 1  
  136  8:37  Viper  
  136  8:40  Drone, Extractor  
  139  8:43  Baneling Nest  
  138  8:48  Lurker  
  138  8:51  Lurker  
  138  8:53  Hydralisk  
  141  8:57  Hydralisk  
  141  8:58  Overlord  
  141  8:59  Spine Crawler  
  142  9:03  Drone x2  
  142  9:05  Lurker  
  142  9:08  Hydralisk  
  147  9:15  Lurker  
  148  9:17  Hydralisk  
  148  9:18  Overlord  
  148  9:19  Drone, Hatchery  
  148  9:22  Spine Crawler, Drone  
  148  9:23  Spore Crawler  
  149  9:24  Drone, Lurker  
  149  9:26  Baneling, Hydralisk  
  153  9:39  Roach x3, Overlord  
  153  9:40  Roach  
  153  9:41  Roach  
  153  9:43  Roach  
  159  9:47  Queen  
  159  9:50  Lurker  
  162  9:53  Overseer  
  162  9:54  Hydralisk  
  162  9:55  Zergling x4  
  162  9:59  Roach  
  161  10:00  Spine Crawler, Overseer  
  161  10:03  Spine Crawler  
  161  10:05  Spine Crawler  
  161  10:06  Roach  
  156  10:09  Roach  
  156  10:10  Roach  
  156  10:13  Viper  
  155  10:18  Roach  
  155  10:19  Roach x2  
  155  10:21  Roach x2  
  157  10:23  Roach  
  157  10:24  Roach  
  157  10:27  Hydralisk  
  152  10:31  Drone x3, Hydralisk  
  152  10:32  Drone x3  
  152  10:33  Hydralisk  
  147  10:36  Hydralisk  
  147  10:38  Drone, Extractor  
  147  10:39  Hydralisk  
  147  10:40  Extractor  
  147  10:42  Drone, Roach  
  140  10:43  Roach, Spore Crawler  
  140  10:44  Drone  
  140  10:45  Roach  
  140  10:46  Spore Crawler  
  140  10:47  Drone  
  137  10:52  Zergling x2, Hydralisk  
  137  10:53  Zergling x2  
  136  10:59  Lurker  
  136  11:01  Hydralisk  
  136  11:03  Ravager  
  140  11:07  Ravager  
  140  11:08  Hydralisk  
  143  11:11  Spine Crawler  
  143  11:13  Drone, Lurker  
  143  11:15  Hydralisk  
  146  11:20  Lurker  
  146  11:22  Hydralisk  
  149  11:26  Hatchery  
  149  11:27  Drone, Lurker  
  149  11:28  Hydralisk  
  152  11:34  Lurker  
  152  11:36  Hydralisk  
  155  11:43  Spine Crawler, Drone, Zerg Missile Weapons Level 2  
  155  11:46  Spore Crawler  
  154  11:48  Drone  
  154  11:52  Zergling x4  
  154  11:54  Zerg Ground Armor Level 2, Zergling x2  
  157  11:55  Zergling x2  
  157  12:00  Zerg Melee Weapons Level 2  
  159  12:04  Zergling x2  
  159  12:05  Zergling x2  
  161  12:09  Hydralisk  
  161  12:10  Hydralisk  
  161  12:11  Hydralisk  
  161  12:13  Roach  
  161  12:14  Overlord  
  161  12:15  Roach  
  169  12:16  Roach  
  169  12:17  Roach  
  169  12:18  Roach  
  169  12:19  Roach  
  169  12:20  Roach x2  
  169  12:22  Spore Crawler  
  157  12:23  Drone, Roach  
  157  12:28  Zergling x2  
  161  12:35  Spine Crawler  
  161  12:36  Drone  
  161  12:38  Queen  
  161  12:41  Pneumatized Carapace  
  163  12:45  Extractor  
  163  12:46  Drone  
  163  12:47  Spine Crawler  
  163  12:48  Drone  
  163  12:49  Spine Crawler  
  163  12:50  Drone  
  163  12:52  Spine Crawler  
  163  12:53  Drone  
  163  12:54  Extractor, Hatchery  
  163  12:55  Drone x2  
  163  12:58  Spore Crawler  
  162  13:00  Drone  
  163  13:06  Roach  
  163  13:07  Roach  
  163  13:09  Hydralisk, Infestor  
  163  13:10  Zergling x2  
  163  13:12  Drone, Hydralisk Den  
  171  13:14  Zergling x2  
  171  13:15  Zergling x2  
  172  13:20  Zergling x2  
  172  13:22  Infestor  
  172  13:23  Baneling  
  172  13:24  Baneling, Spore Crawler, Zergling x2  
  172  13:25  Drone, Baneling  
  172  13:27  Baneling  
  176  13:28  Zergling x2  
  176  13:29  Baneling  
  176  13:30  Spore Crawler  
  176  13:31  Ravager, Drone  
  176  13:32  Spore Crawler  
  176  13:33  Drone  
  180  13:34  Roach  
  180  13:35  Ravager  
  180  13:37  Roach, Infestor  
  180  13:38  Baneling  
  180  13:40  Spire  
  180  13:41  Infestor  
  184  13:42  Drone  
  184  13:46  Roach  
  184  13:47  Roach  
  184  13:48  Infestor  
  191  13:54  Infestor  
  194  13:59  Roach  
  194  14:02  Roach x2  
  195  14:05  Roach x2, Hydralisk  
  195  14:06  Roach x2, Hydralisk  
  195  14:07  Zergling x2  
  195  14:08  Roach  
  195  14:09  Zergling x2  
  180  14:12  Roach  
  180  14:14  Roach  
  177  14:17  Roach  
  177  14:19  Roach  
  177  14:22  Overseer, Roach  
  177  14:23  Hydralisk  
  185  14:27  Hydralisk  
  185  14:30  Queen  
  189  14:33  Overlord  
  187  14:44  Infestor  
  189  14:53  Corruptor x2  
  189  14:58  Zerg Missile Weapons Level 3  
  189  14:59  Hatchery  
  192  15:00  Greater Spire, Drone  
  192  15:02  Spine Crawler  
  192  15:03  Drone  
  192  15:04  Spine Crawler  
  192  15:05  Drone  
  193  15:08  Zerg Ground Armor Level 3  
  193  15:25  Spore Crawler  
  193  15:27  Drone  
  193  15:28  Infestor  
  193  15:31  Infestor  
  193  15:35  Baneling, Zergling x2  
  198  15:37  Baneling  
  198  15:38  Baneling  
  198  15:39  Baneling  
  198  15:45  Spore Crawler, Zergling x2  
  198  15:55  Drone, Pathogen Glands, Spore Crawler  
  198  15:57  Baneling x2  
  198  16:00  Drone, Zergling x2, Spore Crawler  
  198  16:01  Drone, Roach  
  198  16:02  Roach x2  
  198  16:03  Roach, Spore Crawler  
  196  16:04  Drone, Roach  
  196  16:05  Hydralisk, Roach x2  
  196  16:06  Drone, Spine Crawler, Roach  
  196  16:07  Roach x2  
  196  16:08  Roach, Spore Crawler  
  196  16:09  Roach  
  196  16:10  Drone  
  191  16:13  Spire  
  191  16:17  Drone  
  185  16:24  Spine Crawler  
  185  16:25  Drone  
  185  16:27  Spine Crawler  
  185  16:28  Drone  
  185  16:39  Baneling, Zergling x2  
  186  16:43  Infestor  
  186  16:44  Hydralisk  
  186  16:45  Ravager  
  191  16:47  Hydralisk  
  191  16:50  Hatchery  
  191  16:52  Drone  
  193  16:57  Hydralisk  
  193  16:59  Hydralisk  
  193  17:01  Zergling x2  
  198  17:03  Baneling  
  198  17:05  Spore Crawler  
  198  17:06  Drone  
  198  17:07  Spore Crawler, Roach  
  198  17:08  Drone, Roach  
  198  17:11  Roach  
  198  17:12  Roach x3  
  198  17:14  Roach, Hydralisk  
  198  17:15  Roach x2, Hydralisk  
  198  17:17  Hydralisk  
  198  17:19  Hydralisk  
  191  17:25  Infestor  
  191  17:27  Infestor  
  195  17:40  Infestor  
  197  17:56  Baneling  
  197  17:57  Baneling x2  
  197  17:58  Zergling x2  
  198  17:59  Baneling  
  198  18:00  Brood Lord  
  200  18:12  Spine Crawler  
  199  18:13  Drone x2, Spore Crawler  
  200  18:24  Hatchery  
Tags
 
Composition
Lurkers
League
Silver
Matchup
ZvZ
Race
Zerg
Spawn Locations
Cross Positions
Add a new tag
Caveats
  • Supply blocks, unpowered buildings, or Contaminate may cause inaccurate times.
  • Supply counts are checked every 10 seconds.